AoeStats
← TFRaptor22

Arabia

508119978Analyzed
3v3 RM · 11d ago on Sep 21, 2026· 44m 37s· 6 players
Game mode
Random Map
Map size
Normal (6 player)
Population
200
Speed
Normal
Resources
Standard
Victory
Conquest
Starting age
Dark Age
Ending age
Imperial Age
RankedLock teamsTeams togetherTeam positionsShared explorationLock speedFull tech treeHidden civsTurbo modeCheats
Victory
Defeat
🇨🇴 Muisca · Colombia
993
+9
🇻🇪 Bulgarians · Venezuela
799
+17
🇨🇱 Cumans · Chile
704
+21
🇺🇸 Romans · United States
1036
-24
🇺🇸 Vietnamese · United States
864
-17
🇺🇸 Burgundians · United States
563
-6
TFRaptor22
12:08 Feudal Age
12:19 Man-at-Arms
14:34 Scale Mail Armor
14:45 Loom
15:24 Forging
17:29 Fletching
22:34 Padded Archer Armor
32:00 Castle Age
32:48 Long Swordsman
33:57 Careening
33:45 Murder Holes
34:12 Ballistics
34:53 Bodkin Arrow
Rusker
11:58 Feudal Age
16:05 Loom
23:06 Castle Age
22:29 Fletching
22:39 Padded Archer Armor
24:30 Elite Skirmisher
25:32 Crossbowman
29:24 Bodkin Arrow
37:04 Leather Archer Armor
domowenss
10:21 Feudal Age
8:39 Loom
9:42 Double-Bit Axe
10:02 Horse Collar
11:36 Wheelbarrow
11:57 Bow Saw
15:50 Heavy Plow
25:20 Gold Mining
25:24 Stone Mining
31:13 Castle Age
31:51 Hand Cart
32:34 Crossbowman
37:35 Town Watch
40:02 Crop Rotation
43:00 Imperial Age
42:23 Murder Holes
42:59 Fervor
45:04 Chemistry
Jenson
4:17 Loom
15:00 Feudal Age
16:46 Wheelbarrow
16:01 Double-Bit Axe
17:53 Horse Collar
26:18 Castle Age
24:05 Town Watch
24:36 Forging
26:41 Capped Ram
28:27 Hand Cart
28:12 Town Patrol
28:46 Elite Skirmisher
28:47 Crossbowman
29:50 Heavy Plow
35:17 Imperial Age
34:12 Steppe Husbandry
37:24 Siege Ram
40:10 Hoardings
42:59 Elite Kipchak
NaitoMare02
6:51 Loom
9:40 Feudal Age
9:42 Champi Runner
10:22 Double-Bit Axe
16:39 Fletching
17:45 Town Watch
19:46 Wheelbarrow
19:22 Padded Archer Armor
22:25 Castle Age
20:46 Horse Collar
22:52 Crossbowman
22:53 Elite Skirmisher
23:33 Bodkin Arrow
26:13 Bow Saw
27:37 Ballistics
28:41 Gold Mining
30:43 Thumb Ring
33:12 Stone Mining
36:28 Leather Archer Armor
37:33 Scale Mail Armor
38:54 Chain Mail Armor
44:09 Imperial Age
41:55 Hand Cart
42:37 Treadmill Crane
43:09 Forging
43:08 Squires
44:16 Gold Shaft Mining
43:43 Heavy Plow
44:06 Herbalism
45:10 Bracer
44:31 Arbalester
46:14 Chemistry
darwinjrc1706
11:03 Feudal Age
14:50 Arson
15:05 Double-Bit Axe
15:48 Scale Barding Armor
16:28 Forging
20:56 Loom
30:56 Horse Collar
32:35 Scale Mail Armor
34:04 Wheelbarrow
38:06 Castle Age
38:36 Gambesons
38:51 Squires
38:46 Gold Mining
41:11 Chain Mail Armor
44:14 Iron Casting
Connection lost

Rejoining the realm…

Still unreachable

The connection could not be restored.

Session expired

The server has moved on; the page needs a fresh start.